Map: Odyssey LE

Players

MuchNewb

  • Race: Protoss Protoss
  • League: Gold
  • Spawn Location: 11:00

Juxtapose - Winner!

  • Race: Terran Terran
  • League: Gold
  • Spawn Location: 5:00

VOD

https://youtu.be/I7myVw1qz5I

Description

This was a fun match, as my opponent and I seemed to have the same general idea save that he expanded before trying to attack. Had he not done so, things may have gone differently, and this furthers my theory that overall right now, early aggression is more the way to go.

Time

  • Played on: Nov. 26, 2017, 2:42 p.m.
  • Length: 6:51
Show
View Real Time Build Order
Export as new Build Order

MuchNewb Protoss 

Build Orders:  

Get SALT Encoding   

  12  0:02  Probe  
  13  0:15  Pylon  
  13  0:18  Probe  
  14  0:31  Probe  
  15  0:39  Gateway  
  15  0:43  Probe (Chrono Boost)  
  16  0:55  Probe (Chrono Boost)  
  17  1:00  Probe  
  17  1:03  Assimilator  
  18  1:13  Probe  
  19  1:20  Pylon  
  19  1:25  Probe (Chrono Boost)  
  20  1:34  Cybernetics Core  
  20  1:45  Gateway  
  20  1:48  Gateway  
  20  1:59  Gateway  
  20  2:05  Gateway  
  20  2:19  Nexus  
  20  2:29  Probe (Chrono Boost)  
  21  2:30  Assimilator  
  21  2:41  Probe (Chrono Boost)  
  21  2:44  Probe  
  23  2:49  Warp Gate (Chrono Boost)  
  22  3:16  Stalker  
  22  3:17  Stalker  
  22  3:19  Stalker  
  28  3:29  Stalker  
  28  3:32  Probe x2  
  32  3:44  Probe x2  
  34  3:49  Stalker x2  
  38  3:56  Probe x2  
  38  3:57  Stalker  
  42  4:11  Probe  
  43  4:20  Pylon  
  43  4:23  Probe  
  46  4:38  Probe, Pylon  
  51  4:41  Pylon  
  45  4:49  Stalker  
  45  4:50  Probe  
  45  4:52  Stalker x3  
  54  5:02  Robotics Facility, Probe x2  
  56  5:09  Assimilator  
  56  5:11  Assimilator  
  56  5:14  Probe x2  
  58  5:26  Probe  
  59  5:32  Forge  
  59  5:34  Stalker x4  
  47  5:57  Stalker x2  
  47  5:58  Stalker  
  45  6:04  Stalker  
  37  6:27  Stalker  
  43  6:33  Zealot x2  
Show
View Real Time Build Order
Export as new Build Order

Juxtapose Terran - Winner!

Build Orders:  

Get SALT Encoding   

  12  0:01  SCV  
  13  0:13  SCV  
  14  0:22  Supply Depot  
  14  0:25  SCV  
  15  0:43  SCV  
  15  0:46  Barracks  
  15  0:48  Supply Depot  
  16  0:55  SCV  
  17  1:03  Refinery  
  17  1:08  SCV  
  18  1:14  Refinery  
  18  1:20  SCV  
  19  1:32  SCV  
  20  1:48  Marine  
  20  1:51  Orbital Command  
  21  2:12  Barracks Reactor  
  21  2:14  Supply Depot  
  21  2:17  SCV  
  22  2:27  Factory  
  22  2:29  SCV  
  23  2:41  SCV  
  24  2:48  Supply Depot  
  24  2:51  Marine x2, Engineering Bay  
  26  3:09  Marine x2  
  28  3:13  Factory Reactor  
  28  3:20  Terran Infantry Weapons Level 1  
  28  3:27  Marine x2  
  28  3:30  Starport  
  28  3:31  Missile Turret  
  30  3:39  Supply Depot  
  30  3:45  Marine x2  
  32  3:54  Cyclone x2  
  38  4:05  Marine x2  
  40  4:15  Starport Tech Lab  
  40  4:23  Marine x2  
  42  4:26  Cyclone x2  
  40  4:38  Medivac  
  48  4:41  Marine x2  
  48  4:44  Supply Depot  
  52  4:58  Marine x2  
  54  5:02  Command Center  
  54  5:17  Marine x2  
  56  5:24  Medivac x2  
  60  5:34  Marine x2  
  62  5:46  Siege Tank  
  56  5:52  Marine x2  
  49  6:13  Marine x2  
  49  6:31  Marine x2  
Tags
 
League
GoldGold
Matchup
PvT
Spawn Locations
Cross Positions
Add a new tag
Caveats
  • Supply blocks, unpowered buildings, or Contaminate may cause inaccurate times.
  • Supply counts are checked every 10 seconds.